 Dungeon Crawl Stone Soup version 0.29.1-12-g30fa7ad0bf (webtiles) character file.

Game seed: 14836677867431412007

56 mampy3000 the Chopper (level 3, 0/34 HPs)
             Began as a Minotaur Berserker on Dec 28, 2022.
             Was a Follower of Trog.
             Slain by an adder (2 damage)
             ... on level 2 of the Dungeon on Dec 29, 2022.
             The game lasted 00:08:19 (1569 turns).

mampy3000 the Chopper (Minotaur Berserker)          Turns: 1569, Time: 00:08:20

Health: 0/34       AC:  2    Str: 23    XL:     3   Next: 69%
Magic:  2/2        EV: 12    Int:  4    God:    Trog [*.....]
Gold:   90         SH:  0    Dex:  9    Spells: 2/2 levels left

rFire   . . .      SeeInvis .   a - +0 hand axe
rCold   . . .      Faith    .   (no shield)
rNeg    + . .      Spirit   .   d - +0 robe
rPois   .          Reflect  .   (helmet restricted)
rElec   .          Harm     .   (no cloak)
rCorr   .          Rampage  .   (no gloves)
Will    .....                   (no boots)
Stlth   +.........              (no amulet)
HPRegen 0.11/turn               f - ring of positive energy
MPRegen 0.08/turn               (no ring)

@: lethally poisoned (0 -> -2)
A: horns 2, retaliatory headbutt
a: Renounce Religion, Berserk


You were on level 2 of the Dungeon.
You worshipped Trog.
Trog was aware of your devotion.
You visited 1 branch of the dungeon, and saw 2 of its levels.

You collected 90 gold pieces.

Inventory:

Hand Weapons
 a - a +0 hand axe (weapon)
Armour
 b - a +0 animal skin
 d - a +0 robe (worn)
Jewellery
 f - a ring of positive energy (left hand)
Scrolls
 c - 3 scrolls of identify {unknown}
 e - a scroll of amnesia {unknown}
 g - a scroll of fear {unknown}
Potions
 h - a potion of attraction {unknown}


   Skills:
 + Level 4.5 Fighting
 + Level 4.6 Axes
 + Level 2.6 Armour
 + Level 2.5 Dodging


You had 2 spell levels left.
You didn't know any spells.
Your spell library was empty.

Dungeon Overview and Level Annotations

Branches:
Dungeon (2/15)

Altars:


Innate Abilities, Weirdness & Mutations

You have a pair of horns on your head.
You reflexively headbutt those who attack you in melee.


Message History

You see here an adder corpse.
You see here an adder corpse.
You see here an adder corpse.
You see here an adder corpse.
You see here an adder corpse.
You see here an adder corpse.
You see here an adder corpse.
You see here an adder corpse.
You see here an adder corpse.
You see here an adder corpse.
You see here an adder corpse.
You see here an adder corpse.
You see here an adder corpse.
You see here an adder corpse.
An adder comes into view.
The adder bites you. x2
You are poisoned.
The adder poisons you!
You feel sick. The adder bites you.
You feel sick. The adder bites you.
You are more poisoned.
The adder poisons you!
You feel sick. The adder barely misses you. The adder bites you.
You are lethally poisoned!
The adder poisons you!
* * * LOW HITPOINT WARNING * * *
You feel very sick. The adder bites you but does no damage.
* * * LOW HITPOINT WARNING * * *
You feel sick. The adder closely misses you. You furiously retaliate!
You headbutt the adder.
* * * LOW HITPOINT WARNING * * *
You feel sick. The adder barely misses you.
* * * LOW HITPOINT WARNING * * *
You feel sick. The adder barely misses you. x2
* * * LOW HITPOINT WARNING * * *
You feel sick. The adder completely misses you.
* * * LOW HITPOINT WARNING * * *
You feel sick. The adder bites you.
You die...

.#.## ...##
# #....
#.#...#
##.#...#
.......##
#...†##
#.<)@.#
#..S#...#
#....##.....
#....#
......
......#
.....
....##.#
..... ...##
#.# .... ..#
#.# ....


You could see an adder.

Vanquished Creatures
  A gnoll (D:1)
  2 adders (D:2)
  5 ball pythons (D:1)
  2 bats (D:1)
  5 giant cockroaches (D:1)
  3 goblins
  3 hobgoblins (D:1)
  A quokka (D:1)
  3 rats (D:1)
25 creatures vanquished.

Notes
Turn   | Place    | Note
-------+----------+-------------------------------------------
     0 | D:1      | mampy3000 the Minotaur Berserker began the quest for the
                  | Orb.
     0 | D:1      | Reached XP level 1. HP: 19/19 MP: 0/0
   415 | D:1      | Reached XP level 2. HP: 27/27 MP: 1/1
   909 | D:1      | Reached XP level 3. HP: 32/33 MP: 2/2
  1569 | D:2      | Slain by an adder

Illustrated notes

Levels and vault maps discovered:
D:1:      sevenhm_arrival_forest_fort_large_2, layout_loops_corners,
          amcnicky_mini_rare_corridor_liquid, hangedman_decor_push
D:2:      layout_basic, shapermc_ecumenical_altar_mp_highgroup

Skill      XL: |  1  2 |
---------------+-------+-----
Fighting       | 4 |  4.5
Axes           | 4 |  4.6
Armour         | |  2.6
Dodging        | |  2.5

Action                   || total
-------------------------++-------
Melee: Hand axe          ||    57
       Headbutt          ||    10
Armor: Robe              ||    13
       Animal skin       ||     1
Dodge: Dodged            ||    51
